 Dungeon Crawl Stone Soup version 0.28.0-45-g0d030f2227 (webtiles) character file.

Game seed: 3415331635022714488

47 NinjaNoafa the Magician (level 3, 0/25 HPs)
             Began as a Djinni Hedge Wizard on Apr 15, 2022.
             Slain by a gnoll
             ... wielding a +0 spear
              (3 damage)
             ... on level 2 of the Dungeon.
             The game lasted 00:11:41 (2366 turns).

NinjaNoafa the Magician (Djinni Hedge Wizard)       Turns: 2366, Time: 00:11:42

Health: 0/25       AC:  3    Str:  9    XL:     3   Next: 97%
Gold:   45         EV: 13    Int: 17    God:
                   SH:  0    Dex: 18

rFire   + + .      SeeInvis .   a - +0 dagger
rCold   x . .      Faith    .   (no shield)
rNeg    . . .      Spirit   .   b - +0 robe
rPois   ∞          Reflect  .   c - +0 hat
rElec   .          Harm     .   g - +0 cloak
rCorr   .          Rampage  .   (no gloves)
Will    .....                   (boots unavailable)
Stlth   ++........              (no amulet)
HPRegen 0.08/turn               h - +6 ring of dexterity
MPRegen 0.00/turn               (no ring)

@: flying
A: sickness immunity, fire resistance 2, cold vulnerability 1, float, innate
caster, HP casting, extra vitality 1
a: no special abilities


You were on level 2 of the Dungeon.
You visited 1 branch of the dungeon, and saw 2 of its levels.

You collected 45 gold pieces.

Inventory:

Hand Weapons
 a - a +0 dagger (weapon)
Missiles
 e - 88 stones
Armour
 b - a +0 robe (worn)
 c - a +0 hat (worn)
 g - a +0 cloak (worn)
Magical Staves
 f - a staff of death
Jewellery
 h - a +6 ring of dexterity (left hand)
Scrolls
 d - a scroll of teleportation {unknown}


   Skills:
 + Level 0.0 Fighting
 + Level 2.8 Dodging
 - Level 2.0 Stealth
 * Level 3.0 Spellcasting
 - Level 1.1 Evocations


You couldn't memorise any spells.
You knew the following spells:

 Your Spells              Type           Power      Damage    Failure   Level
a - Magic Dart            Conj           48%        1d5       4%          1
b - Blink                 Tloc           24%        N/A       8%          2
c - Call Imp              Summ           12%        N/A       8%          2
d - Slow                  Hex            48%        N/A       4%          1
e - Conjure Flame         Conj/Fire      12%        6-21      16%         3
f - Mephitic Cloud        Conj/Pois/Air  12%        N/A       16%         3
g - Animate Skeleton      Necr           24%        N/A       4%          1
Your spell library was empty.

Dungeon Overview and Level Annotations

Branches:
Dungeon (2/15)

Altars:


Innate Abilities, Weirdness & Mutations

You are immune to sickness and miasma.
You are immune to poison.
Your flesh is very heat resistant. (rF++)
You are vulnerable to cold. (rC-)
You float through the air rather than walking.
You learn spells naturally, not from books.
Your magical power is your life essence.
You have superior vitality. (+4 MHP)


Message History

The magic dart hits the gnoll.
The gnoll is almost dead.
The gnoll barely misses you. The gnoll misses you.
Your crimson imp barely misses the gnoll.
Your crimson imp blinks!
Casting: Magic Dart (safe; 4% risk of failure)
Confirm with . or Enter, or press ? or * to list all spells.
Aiming: Magic Dart (safe; 4% risk of failure)
Press: ? - help, Shift-Dir - straight line, f/p - gnoll
Aim: a gnoll, wielding a +0 halberd (severely wounded, 100% to hit)
The magic dart hits the gnoll but does no damage.
The gnoll is severely wounded.
The gnoll hits you from afar with a +0 spear.
* * * LOW HITPOINT WARNING * * *
The gnoll hits you but does no damage.
It was a potion of ambrosia.
You are confused.
You feel invigorated. The gnoll closely misses you.
The gnoll barely misses you.
You are too confused!
You're too confused to move!
The gnoll hits you from afar with a +0 spear.
The gnoll hits you from afar with a +0 halberd.
* * * LOW HITPOINT WARNING * * *
You're too confused to move!
The gnoll misses you. The gnoll completely misses you.
The gnoll hits you from afar with a +0 halberd.
The gnoll hits you with a +0 spear. The gnoll hits you but does no damage.
The gnoll hits you with a +0 whip.
* * * LOW HITPOINT WARNING * * *
The gnoll closely misses you.
You hit the gnoll but do no damage.
You feel less invigorated.
You feel less confused.
The gnoll closely misses you. x2; The gnoll hits you with a +0 whip!
* * * LOW HITPOINT WARNING * * *
The gnoll closely misses you.
You hit the gnoll.
The gnoll is moderately wounded.
The gnoll hits you with a +0 spear.
You die...

#...###.#...#.###....#
##......##.##......#
....#.#.........#.#...
...##.....#.#.....#
......#.#.#.#.#.)##
...)......###....#
######.....5....##
.....g..##.#......##
#####..........g@g.##
#...##.##..gg...#
######.#..........#
#...............
..#...$.....####
##.##........# #
........#..
.####......## ###.#.##


You could see 4 gnolls and a friendly crimson imp (summoned).

Vanquished Creatures
  An adder (D:2)
  A dart slug (D:1)
  2 endoplasms (D:1)
  2 giant cockroaches (D:1)
  A goblin (D:1)
  A hobgoblin (D:1)
  5 kobolds
  A quokka (D:1)
  4 ball pythons
  3 bats
  3 frilled lizards (D:1)
  A rat (D:2)
25 creatures vanquished.

Vanquished Creatures (collateral kills)
  A dart slug (D:2)
  3 endoplasms
  A giant cockroach (D:2)
  A goblin (D:2)
  A kobold (D:2)
7 creatures vanquished.

Grand Total: 32 creatures vanquished

Notes
Turn   | Place    | Note
-------+----------+-------------------------------------------
     0 | D:1      | NinjaNoafa the Djinni Hedge Wizard began the quest for the
                  | Orb.
     0 | D:1      | Reached XP level 1. HP: 15/15 MP: 0/0
   276 | D:1      | Reached XP level 2. HP: 13/21 MP: 0/0
  1215 | D:1      | Reached XP level 3. HP: 20/25 MP: 0/0
  1215 | D:1      | Learned a level 1 spell: Animate Skeleton
  2211 | D:2      | Reached skill level 3 in Spellcasting
  2211 | D:2      | Reached skill level 1 in Evocations
  2366 | D:2      | Slain by a gnoll

Illustrated notes

Levels and vault maps discovered:
D:1:      enne_arrival_octagon_isle, layout_loops_cross,
          hangedman_abyss_or_decor_lesser_grid
D:2:      layout_loops_ring, minmay_fractal_squares_5

Skill      XL: |  1  2  3 |
---------------+----------+-----
Stealth        | 2 |  2.0
Spellcasting   | 3 |  3.0
Evocations     | 1 |  1.1
Dodging        | |  2.8

Action                   || total
-------------------------++-------
Melee: Dagger            ||     6
       Staff             ||    14
       Punch             ||     1
 Cast: Magic Dart        ||    66
       Call Imp          ||    10
       Slow              ||     1
       Animate Skeleton  ||     4
  Use: Potion            ||     1
Armor: Robe              ||     9
Dodge: Dodged            ||    34
